 Dungeon Crawl Stone Soup version 0.30.0-7-g0c4daa9e05 (webtiles) character file.

Game seed: 12228467387045304501

138 Atelerd the Digger (level 5, 0/32 HPs)
             Began as an Octopode Earth Elementalist on May 13, 2023.
             Slain by an orc wizard
             ... wielding a +0 dagger
              (4 damage)
             ... on level 4 of the Dungeon.
             The game lasted 00:02:04 (1807 turns).

Atelerd the Digger (Octopode Earth Elementalist)    Turns: 1807, Time: 00:02:04

Health: 0/32       AC:  1    Str:  8    XL:     5   Next: 21%
Magic:  4/10       EV: 13    Int: 19    God:
Gold:   81         SH:  0    Dex: 12    Spells: 6/11 levels left

rFire   + . .        e - +0 dagger
rCold   + . .        (no shield)
rNeg    . . .        g - +0 hat
rPois   +            (no amulet)
rElec   +            (no ring)
rCorr   +            (no ring)
SInv    .            (no ring)
Will    .....        (no ring)
Stlth   +++          (no ring)
HPRegen 0.25/turn    (no ring)
MPRegen 0.12/turn    (no ring)
                     (no ring)

%: no passive effects
@: mighty, resistant
A: almost no armour, amphibious, 8 rings, camouflage 1, gelatinous body 1,
(nimble swimmer 1), tentacles
a: no special abilities


You were on level 4 of the Dungeon.
You visited 1 branch of the dungeon, and saw 4 of its levels.

You collected 81 gold pieces.

Inventory:

Hand Weapons
 e - a +0 dagger (weapon)
Armour
 g - a +0 hat (worn)
Scrolls
 b - 2 scrolls of noise {unknown}
 i - 3 scrolls of identify {unknown}
 j - a scroll of immolation {unknown}
 l - a scroll of fear {unknown}
Potions
 a - a potion of magic
 d - a potion of invisibility {unknown}
 f - a potion of resistance


   Skills:
 + Level 0.5 Fighting
 - Level 2.0 Dodging
 - Level 2.6 Stealth
 + Level 3.9 Spellcasting
 + Level 1.0 Transmutations
 + Level 4.2 Earth Magic


You had 6 spell levels left.
You knew the following spells:

 Your Spells              Type           Power      Damage    Failure   Level
a - Sandblast             Erth           38%        2d10      2%          1
p - Petrify               Tmut/Erth      13%        N/A       43%         4

Your spell library contained the following spells:

 Spells                   Type           Power      Damage    Failure   Level
 Passwall                 Tmut/Erth      10%        N/A       7%          2
 Stone Arrow              Conj/Erth      22%        3d8       19%         3


Dungeon Overview and Level Annotations

Branches:
Dungeon (4/15)
 Temple: D:4-7

Altars:

Shops:
D:1 (

Annotations:
D:4 Dowan


Innate Abilities, Weirdness & Mutations

You cannot wear most types of armour.
You are amphibious.
You can wear up to eight rings at the same time.
Your skin changes colour to match your surroundings (Stealth+).
Your rubbery body absorbs attacks. (AC +1, EV +1)
((You are camouflaged when in or above water. (Stealth+)))
You have tentacles for arms and can constrict up to eight enemies at once.


Message History

Press: ? - help, Shift-Dir - straight line, f - orc priest
Aim: an orc priest, wielding a +0 hand axe and wearing a +0 ring mail (84% to hit)
The blast of sand misses the orc priest.
The orc wizard points at you and mumbles some strange words.
You are confused.
Something hits you.
The orc priest hits you with a +0 hand axe!
* * * LOW HITPOINT WARNING * * *
Unknown command.
You feel better.
The orc priest hits you with a +0 hand axe.
The orc wizard mumbles some strange words.
The orc wizard flickers and vanishes!
You hear some strange, mumbled words.
A magic dart appears from out of thin air!
The magic dart hits you.
* * * LOW HITPOINT WARNING * * *
You aren't carrying any items that you can evoke.
You feel much better. Something hits you. x2
The orc priest hits you with a +0 hand axe.
Casting: Sandblast (safe; 2% risk of failure)
Confirm with . or Enter, or press ? or * to list all spells.
You don't know that spell.
Unknown command.
It was a potion of might.
You feel very mighty all of a sudden. The orc priest closely misses you.
Something hits you. x2
You barely miss the orc priest. You grab the orc priest.
You constrict the orc priest, but do no damage.
Something hits you but does no damage. Something hits you.
The orc priest miscasts a cantrip.
You hit the orc priest but do no damage.
You constrict the orc priest.
The orc priest invokes the aid of Beogh against you.
Beogh smites you!
* * * LOW HITPOINT WARNING * * *
Something hits you.
* * * LOW HITPOINT WARNING * * *
Something hits you.
You die...

..... ....!..
..... ...... .
.......♣..... .#
........♣...♣♣..#
................#
.........8....##
.....${o.......
#†.♣♣@†.♣
#...{...♣♣.
##..........
##...#...##
##.####### ###
#..# #.#
####.###### #.#
#..........# #.#
#..........>


You could see an orc priest.

Vanquished Creatures
  A scorpion (D:4)
  2 adders (D:2)
  A gnoll (D:3)
  A dart slug (D:2)
  6 endoplasms
  A giant cockroach (D:1)
  6 goblins
  5 hobgoblins
  5 jackals (D:1)
  2 quokkas (D:4)
  3 ball pythons
  4 bats
  A frilled lizard (D:1)
  5 kobolds
43 creatures vanquished.

Notes
Turn   | Place    | Note
-------+----------+-------------------------------------------
     0 | D:1      | Atelerd the Octopode Earth Elementalist began the quest for
                  | the Orb.
     0 | D:1      | Reached XP level 1. HP: 11/11 MP: 3/3
    97 | D:1      | Reached XP level 2. HP: 13/17 MP: 3/5
   531 | D:1      | Found Sakid's Antique Weapon Shoppe.
   595 | D:1      | Reached XP level 3. HP: 21/21 MP: 6/6
  1311 | D:2      | Reached XP level 4. HP: 26/27 MP: 6/8
  1360 | D:2      | You fall into a shaft and drop 1 floor!
  1366 | D:3      | Learned a level 4 spell: Petrify
  1555 | D:3      | HP: 1/27 [gnoll/+0 halberd of protection (10)]
  1709 | D:4      | Noticed Dowan
  1793 | D:4      | Noticed a scorpion
  1798 | D:4      | Killed a scorpion
  1799 | D:4      | Reached skill level 4 in Earth Magic
  1799 | D:4      | Reached XP level 5. HP: 10/32 MP: 4/10
  1807 | D:4      | Slain by an orc wizard

Illustrated notes

Levels and vault maps discovered:
D:1:      wander_arrival_peaceful_grave, layout_basic, serial_shops,
          nicolae_diamond_shop
D:2:      layout_basic
D:3:      layout_loops_ring
D:4:      layout_cave_pods, mainiacjoe_overflow_surrounded_room,
          portal_sewer_entry_e, serial_park, serial_park_tiny_pond,
          serial_park_square3 [serial_park_minivault_5x5_6], serial_park_paths
          [serial_park_minivault_5x5_2], serial_park_square3
          [serial_park_minivault_5x5_1], serial_park_tiny_pond, uniq_duvessa

Skill      XL: |  1  2  3  4 |
---------------+-------------+-----
Spellcasting   | 3 |  3.9
Earth Magic    | 4 |  4.2
Fighting       | |  0.5
Dodging        | |  2.0
Stealth        | |  2.6
Transmutations | |  1.0

Action                     |  1- 3 |  4- 6 || total
---------------------------+-------+-------++-------
  Melee: Unarmed           |    20 |       ||    20
         Constrict         |    11 |     1 ||    12
         Tentacles         |     7 |       ||     7
         Dagger            |    12 |     3 ||    15
   Cast: Sandblast         |    35 |    16 ||    51
    Use: Potion            |       |     7 ||     7
   Stab: Sleeping          |     2 |     1 ||     3
 Armour: Skin              |     4 |     1 ||     5
  Dodge: Dodged            |    33 |    10 ||    43
